 Dungeon Crawl Stone Soup version 0.23-a0-550-g7de1f8ee9f (webtiles) character file.

45 WWWWWWWWWWWWWWWWWWW the Vexing (level 3, -4/16 HPs)
             Began as a Spriggan Enchanter on Dec 9, 2018.
             Slain by an ogre
             ... wielding a +0 giant club
              (19 damage)
             ... on level 3 of the Dungeon.
             The game lasted 00:04:41 (2263 turns).

WWWWWWWWWWWWWWWWWWW the Vexing (Spriggan Enchanter) Turns: 2263, Time: 00:04:42

Health: -4/16      AC:  4    Str:  4    XL:     3   Next: 42%
Magic:  0/9        EV: 18    Int: 17    God:
Gold:   64         SH:  0    Dex: 16    Spells: 3/9 levels left

rFire    . . .     SeeInvis +   a - +1 dagger
rCold    . . .     Gourm    .   (shield restricted)
rNeg     . . .     Faith    .   b - +2 robe
rPois    .         Spirit   .   (helmet restricted)
rElec    .         Reflect  .   (no cloak)
rCorr    .         Harm     .   (gloves unavailable)
MR       .....                  (boots unavailable)
Stlth    +++.......             (no amulet)
HPRegen  0.05/turn              (no ring)
MPRegen  0.11/turn              (no ring)

@: very quick
A: very small, unfitting armour, see invisible, herbivore, speed 3, slow
metabolism 2
a: no special abilities


You were on level 3 of the Dungeon.
You were not hungry.

You visited 1 branch of the dungeon, and saw 3 of its levels.

You collected 64 gold pieces.

Inventory:

Hand Weapons
 a - a +1 dagger (weapon)
Armour
 b - a +2 robe (worn)
Scrolls
 e - 2 scrolls of enchant armour
Potions
 c - a potion of flight
 f - 2 potions of heal wounds
 g - a potion of might {unknown}
Comestibles
 d - 4 rations


   Skills:
 - Level 1.1 Short Blades
 - Level 3.0 Dodging
 - Level 4.4 Stealth
 + Level 3.9 Spellcasting
 + Level 4.6 Hexes


You had 3 spell levels left.
You knew the following spells:

 Your Spells              Type           Power        Failure   Level  Hunger
a - Ensorcelled Hibernat  Hex/Ice        ##....       10%         2    ##.....
b - Corona                Hex            ###....      2%          1    None
c - Confuse               Hex            ###.....     7%          3    ###....

Your spell library contained the following spells:

 Spells                   Type           Power        Failure   Level  Hunger
 Tukima's Dance           Hex            ###.....     7%          3    ###....
 Dazzling Spray           Conj/Hex       ##....       19%         3    ###....


Dungeon Overview and Level Annotations

Branches:
Dungeon (3/15)

Altars:
Xom


Innate Abilities, Weirdness & Mutations

You are very small and have problems with some larger weapons.
You are too small for most types of armour.
You have supernaturally acute eyesight. (SInv)
You are a herbivore.
You cover ground extremely quickly.
You need to consume almost no food.


Message History

There is an open door here.
You close the door.
You start resting.
An ogre opens the door.
It is wielding a +0 giant club.
Casting: Ensorcelled Hibernation (safe; 10% risk of failure)
Confirm with . or Enter, or press ? or * to list all spells.
Aiming: Ensorcelled Hibernation (safe; 10% risk of failure)
Press: ? - help, Shift-Dir - straight line, f - you, p - ogre
Okay, then.
Casting: Ensorcelled Hibernation (safe; 10% risk of failure)
Confirm with . or Enter, or press ? or * to list all spells.
Aiming: Confuse (safe; 7% risk of failure)
Press: ? - help, Shift-Dir - straight line, f/p - ogre
Aim: an ogre, wielding a +0 giant club (severely wounded, chance to defeat MR: The ogre resists with some effort.
You hit the ogre but do no damage.
The ogre is severely wounded.
The ogre hits you with a +0 giant club!!
Ouch! That really hurt!
You die...

**,* *******,******####.###
**,* *,* #...†..# ,*,* *,*
#.##.#.# ,*,* ##+##
#.##.#.## ,*,* ##...##
#.##....# ,,,* ##.....##
#.####..# ,*,** ##.......##
#.#.##..#
*,,,***#..<......###.......#
**,,,,,+........@O.......#.#
**,***#.........####...##.#
**,** ##.......## ##.##*.#
*,** ##.....## ***### *.#
,** ##...## **,** *.# **
##+## **,*,*****.# * *,*
*,***,,,,,,* * ****,*
**,*,******* * ****,**,**
**,**


You could see an ogre.

Vanquished Creatures
  A dart slug (D:2)
  3 leopard geckos
  4 bats
  A giant cockroach (D:1)
  2 goblins
  4 hobgoblins
  9 jackals
  6 frilled lizards
  4 kobolds
  2 rats (D:1)
36 creatures vanquished.

Notes
Turn   | Place    | Note
-------+----------+-------------------------------------------
     0 | D:1      | WWWWWWWWWWWWWWWWWWW the Spriggan Enchanter began the quest
                  | for the Orb.
     0 | D:1      | Reached XP level 1. HP: 9/9 MP: 5/5
   212 | D:1      | Reached XP level 2. HP: 8/13 MP: 2/7
   226 | D:1      | Learned a level 2 spell: Ensorcelled Hibernation
   545 | D:1      | Found a shimmering altar of Xom.
  1343 | D:2      | Reached XP level 3. HP: 16/16 MP: 6/9
  1348 | D:2      | Learned a level 3 spell: Confuse
  2229 | D:3      | Noticed an ogre
  2263 | D:3      | Slain by an ogre

Vault maps used:
D:1:      noname_arrival_rooms_in_the_neighbourhood, xom_teletrap_fun
D:2:      kennysheep_boxes
D:3:      cheibrodos_fertilizer

Skill      XL: |  1 |
---------------+----+-----
Spellcasting   | 3 |  3.9
Hexes          | 4 |  4.6
Short Blades   | |  1.1
Dodging        | |  3.0
Stealth        | |  4.4

Action                   || total
-------------------------++-------
Melee: Dagger            ||   132
 Cast: Corona            ||     8
       Ensorcelled Hiber ||    14
       Confuse           ||     1
  Use: Scroll            ||     9
 Stab: Sleeping          ||    18
Armor: Robe              ||    33
Dodge: Dodged            ||   136

Table legend:
 A = Non-vault XP
 B = Vault XP
 C = Vault XP percentage of total XP
 D = Non-vault monster count
 E = Vault monster count
 F = Vault count percentage of total count
                 A         B        C        D         E       F
            +---------+---------+-------+---------+---------+-------
      Total |      65 |       0 |   0.0 |      36 |       0 |   0.0
            +---------+---------+-------+---------+---------+-------
        D:1 |      36 |       0 |   0.0 |      21 |       0 |   0.0
        D:2 |      23 |       0 |   0.0 |      12 |       0 |   0.0
        D:3 |       6 |       0 |   0.0 |       3 |       0 |   0.0
            +---------+---------+-------+---------+---------+-------
